 Dungeon Crawl Stone Soup version 0.27-a0-1220-g54dba09ff7 (webtiles) character file.

Game seed: 12427694469205407981

85 Bnni the Sneak (level 4, -4/35 HPs)
             Began as a Demonspawn Brigand on June 7, 2021.
             Slain by a gnoll
             ... wielding a +0 flail
              (12 damage)
             ... on level 1 of the Dungeon.
             The game lasted 00:03:01 (2156 turns).

Bnni the Sneak (Demonspawn Brigand)                 Turns: 2156, Time: 00:03:01

Health: -4/35      AC:  5    Str: 12    XL:     4   Next: 25%
Magic:  4/4        EV: 11    Int: 12    God:
Gold:   51         SH:  0    Dex: 15    Spells: 3/3 levels left

rFire    . . .     SeeInvis .   a - +2 dagger
rCold    . . .     Faith    .   (no shield)
rNeg     . . .     Spirit   .   h - +0 leather armour
rPois    .         Reflect  .   (no helmet)
rElec    .         Harm     .   c - +0 cloak
rCorr    .         Rampage  .   (no gloves)
Will     .....                  (no boots)
Stlth    ++........             (no amulet)
HPRegen  0.11/turn              (no ring)
MPRegen  0.09/turn              (no ring)

@: no status effects
A: talons 1, rugged brown scales 1
a: no special abilities


You were on level 1 of the Dungeon.
You visited 1 branch of the dungeon, and saw 2 of its levels.

You collected 87 gold pieces.
You spent 36 gold pieces at shops.

Inventory:

Hand Weapons
 a - a +2 dagger (weapon)
Missiles
 d - 6 poisoned darts (quivered)
 e - a curare-tipped dart
Armour
 b - a +0 robe
 c - a +0 cloak (worn)
 h - a +0 leather armour (worn)
Scrolls
 f - a scroll of magic mapping {unknown}
 g - a scroll of blinking {unknown}
 i - a scroll of vulnerability {unknown}
 k - 3 scrolls of teleportation
 l - a scroll of holy word {unknown}
 m - a scroll of identify {unknown}
 n - a scroll of fear {unknown}
Potions
 j - 2 potions of curing {unknown}


   Skills:
 + Level 2.9 Fighting
 * Level 3.3 Short Blades
 - Level 1.7 Throwing
 - Level 0.8 Dodging
 - Level 4.0 Stealth


You had 3 spell levels left.
You didn't know any spells.
Your spell library was empty.

Dungeon Overview and Level Annotations

Branches:
Dungeon (2/15)

Altars:

Shops:
D:1 (?


Innate Abilities, Weirdness & Mutations

You have sharp toenails.
You are partially covered in rugged brown scales. (AC +1, +3% HP)


Message History

You closely miss the gnoll.
The gnoll is severely wounded.
The gnoll hits you but does no damage.
You hit the gnoll. You claw the gnoll.
You kill the gnoll!
Throw: 8 darts (poison)
Press: ? - help, Q - select action, (/) - cycle Shift-Dir - straight line, f - gnoll
Aim: a gnoll, wielding a +0 flail (63% to hit)
You throw a poisoned dart. The poisoned dart hits the gnoll.
The gnoll is poisoned.
The gnoll closely misses you.
The gnoll hits you from afar with a +0 spear.
The gnoll looks more healthy.
Throw: 7 darts (poison)
Press: ? - help, Q - select action, (/) - cycle Shift-Dir - straight line, f/p - gnoll
Aim: a gnoll, wielding a +0 flail (heavily wounded, 63% to hit)
You throw a poisoned dart.
The poisoned dart barely misses the gnoll.
The poisoned dart hits the gnoll.
The gnoll is poisoned.
The gnoll hits you with a +0 flail!
* * * LOW HITPOINT WARNING * * *
The gnoll looks more healthy.
There is a stone staircase leading down here.
The gnoll enters a dispersal trap!
The gnoll blinks! x2; You blink.
The gnoll blinks!
The gnoll hits you with a +0 flail.
* * * LOW HITPOINT WARNING * * *
There is a stone staircase leading up here.
The gnoll barely misses you.
You climb upwards.
There is a stone staircase leading down here.
Throw: 2 darts (curare)
Press: ? - help, Shift-Dir - straight line, f - gnoll
Aim: a gnoll, wielding a +0 flail (moderately wounded, 63% to hit)
You throw a curare-tipped dart. The curare-tipped dart hits the gnoll.
The gnoll is poisoned.
The gnoll convulses.
The gnoll seems to slow down.
The gnoll is severely wounded.
The gnoll hits you with a +0 flail!
You die...

.#.###..# ##.....#### #.#
.#.#.)..# ##....# #.#
.#.#.#..#######...# #.#
.#.#.#...........## #.####
..........#####.## #....#
####....#.# ##+## #....#
####...####.[.## ##...#
#.......##.....## ###.#.#
#..##.#.#...g@..## ##.#..##
####...#.#..........####....##
....................+.......#
.###.....#÷.........#.##....#
8# #..####.#..........###.#.#
####..# #.##.....#.∩.# ###.#
...#..####.##.(..##...# #.#
...#.......##.#+###.#.# #.#
...##.#######.#.###...#####.#


You could see a gnoll (very poisoned, slow).

Vanquished Creatures
  2 gnolls
  2 adders (D:2)
  A worm (D:2)
  3 dart slugs
  2 ball pythons (D:2)
  2 bats
  5 endoplasms
  A giant cockroach (D:2)
  3 goblins
  4 hobgoblins (D:1)
  6 kobolds
  6 rats
37 creatures vanquished.

Notes
Turn   | Place    | Note
-------+----------+-------------------------------------------
     0 | D:1      | Bnni the Demonspawn Brigand began the quest for the Orb.
     0 | D:1      | Reached XP level 1. HP: 16/16 MP: 1/1
   357 | D:1      | Gained mutation: You have sharp toenails. [demonic
                  | ancestry]
   357 | D:1      | Reached XP level 2. HP: 3/22 MP: 2/2
  1238 | D:1      | Gained mutation: You are partially covered in rugged brown
                  | scales. (AC +1, +3% HP) [demonic ancestry]
  1238 | D:1      | Reached XP level 3. HP: 23/28 MP: 3/3
  1327 | D:1      | Found Qalehid's Antique Weapon Boutique.
  1363 | D:1      | Found Jeutire's Magic Scroll Shop.
  1368 | D:1      | Bought a scroll of teleportation for 36 gold pieces
  1539 | D:2      | Reached skill level 4 in Stealth
  1626 | D:2      | Found a faded altar of an unknown god.
  1975 | D:2      | Reached XP level 4. HP: 25/35 MP: 4/4
  2156 | D:1      | Slain by a gnoll

Illustrated notes

Levels and vault maps discovered:
D:1:      scummos_arrival_gate, layout_loops_corners, serial_shops, shop,
          nicolae_shop_stone, hangedman_decor_diamond_cutter,
          serial_bayou_lake_a
D:2:      layout_basic, ebering_ecumenical_altar_box, minivault_14,
          grunt_ministairs_10

Skill      XL: |  1  2  3 |
---------------+----------+-----
Short Blades   | 2 3 |  3.3
Stealth        | 4 |  4.0
Fighting       | |  2.9
Throwing       | |  1.7
Dodging        | |  0.8

Action                   |  1- 3 |  4- 6 || total
-------------------------+-------+-------++-------
Melee: Dagger            |    91 |    17 ||   108
       Kick              |    14 |     6 ||    20
Throw: Dart              |     5 |     3 ||     8
 Stab: Sleeping          |     8 |       ||     8
Armor: Leather armour    |    18 |     3 ||    21
Dodge: Dodged            |    36 |    11 ||    47

Table legend: (Time is in decaauts)
 A = Elapsed time spent in this place.
 B = Non-inter-level travel time spent in this place.
 C = Inter-level travel time spent in this place.
 D = Time resting spent in this place.
 E = Time spent auto-exploring this place.
 F = Levels seen in this place.
 G = Mean time per level.
                   A        B        C        D        E       F      G
               +--------+--------+--------+--------+--------+-----+--------+
         Total |   2185 |   2183 |      2 |    467 |   1369 |   2 | 1092.5 |
       Dungeon |   2185 |   2183 |      2 |    467 |   1369 |   2 | 1092.5 |
               +--------+--------+--------+--------+--------+-----+--------+

Top non-repeatable levels by time:
     D:1: 1449 daAuts
     D:2: 735 daAuts
